 Dungeon Crawl Stone Soup version 0.16-a0-702-gf4f471d (webtiles) character file.

6727 PolkaDot the Transmogrifier (level 10, -1/100 HPs)
             Began as a Purple Draconian Transmuter on Sept 20, 2014.
             Was a Priest of Okawaru.
             Slain by a black mamba (14 damage)
             ... on Level 1 of the Lair of Beasts.
             The game lasted 00:51:22 (12061 turns).

PolkaDot the Transmogrifier (DrTm)                 Turns: 12061, Time: 00:51:22

HP  -1/100       AC  6     Str 12      XL: 10   Next: 75%
MP  16/17        EV 15     Int 14      God: Okawaru [***...]
Gold 63          SH  0     Dex 20      Spells:  4 memorised,  3 levels left

rFire  x . .     SeeInvis .       - Unarmed
rCold  + + +     Clarity  +     (armour unavailable)
rNeg   + . .     rCorr    .     (shield currently unavailable)
rPois  +         rRot     .     (helmet currently unavailable)
rElec  .         Spirit   .     (no cloak)
SustAb .         Warding  .     x - melded +0 pair of gloves {Dex+3}
rMut   .         Stasis   .     u - melded +1 pair of boots
Gourm  .                        i - cursed amulet of clarity
MR     +....                    (no ring)
                                k - ring of positive energy

@: agile, lethally poisoned, ice-form, somewhat resistant to hostile
enchantments, fairly stealthy
A: (breathe power), unfitting armour, (cold-blooded), AC +7
a: End Transformation, Heroism, Renounce Religion


You were on level 1 of the Lair of Beasts.
You worshipped Okawaru.
Okawaru was most pleased with you.
You were hungry.
You were a creature of crystalline ice.
You visited 2 branches of the dungeon, and saw 9 of its levels.
You also visited: Ossuary.

You collected 286 gold pieces.
You spent 223 gold pieces at shops.

Inventory:

Missiles
 b - 108 arrows
 m - a throwing net (quivered)
 E - 6 arrows of flame
Armour
 u - a +1 pair of boots (melded)
 x - a +0 pair of gloves of dexterity (melded)
Magical devices
 j - a wand of paralysis (9) {unknown}
 t - a wand of frost (17) {unknown}
 v - a wand of slowing (10) {unknown}
 K - a wand of polymorph (7) {unknown}
 M - a wand of disintegration (9) {unknown}
Comestibles
 a - 2 bread rations
 f - 2 meat rations
 q - a slice of pizza
 B - 3 chunks of hippogriff flesh
 I - a chunk of water moccasin flesh
Scrolls
 e - 2 scrolls of amnesia
 g - 4 scrolls of enchant weapon
 n - 5 scrolls of remove curse
 o - a scroll of teleportation
 p - a scroll of fear
 w - a scroll of recharging {unknown}
 y - a scroll of torment
 C - a scroll of enchant armour {unknown}
 G - a scroll of magic mapping {unknown}
 J - a scroll of blinking {unknown}
Jewellery
 c - an uncursed ring of positive energy
 h - an uncursed amulet of warding
 i - a cursed amulet of clarity (around neck)
 k - a ring of positive energy (left paw)
Potions
 l - 2 potions of magic
 r - a potion of agility
 s - 2 potions of brilliance
 z - a potion of mutation {unknown}
 A - a potion of haste
 D - 2 potions of restore abilities {unknown}
 F - a potion of lignification {unknown}
 H - 3 potions of curing {unknown}
Books
 d - a book of Changes

   Spells                             Type                      Level
   *Beastly Appendage                 Transmutation                1
   *Sticks to Snakes                  Transmutation                2
   *Spider Form                       Transmutation/Poison         3
   *Ice Form                          Ice/Transmutation            4
   Blade Hands                        Transmutation                5


   Skills:
 - Level 6.7 Fighting
 - Level 1.7 Dodging
 * Level 9.8 Unarmed Combat
 - Level 2.4 Spellcasting
 + Level 10.7 Transmutations
 + Level 6.0 Ice Magic


You had 3 spell levels left.
You knew the following spells:

 Your Spells              Type           Power        Failure   Level  Hunger
a - Beastly Appendage     Trmt           ####..       1%          1    #......
s - Sticks to Snakes      Trmt           ####......   1%          2    ###....
x - Ice Form              Ice/Trmt       ####....     10%         4    #####..
z - Spider Form           Trmt/Pois      ###.......   10%         3    ####...


Dungeon Overview and Level Annotations

Branches:
Dungeon (8/15)             Temple (0/1) D:6            Lair (1/8) D:8

Altars:
Dithmenos
Fedhas
Okawaru
Trog
Yredelemnul
Zin
The Shining One

Shops:
D:4 !?*=   D:8 ::[


Innate Abilities, Weirdness & Mutations

((You can breathe bolts of energy.))
((You can dispel enchantments when you breathe energy.))
((Your rich purple scales are hard (AC +7).))
Your body does not fit into most forms of armour.
((Your cold-blooded metabolism reacts poorly to cold.))


Message History

You feel sick. The black mamba barely misses you.
The black mamba barely misses you.
You punch the black mamba! You freeze the black mamba.
The black mamba is heavily wounded.
You feel sick.
The black mamba bites you but does no damage.
You barely miss the black mamba.
The black mamba is moderately wounded.
You feel sick. The black mamba barely misses you.
You closely miss the black mamba.
The black mamba is moderately wounded.
You feel sick. The black mamba bites you.
* * * LOW HITPOINT WARNING * * *
The black mamba bites you but does no damage.
Drink which item? (? for menu, Esc to quit)
You feel agile all of a sudden.
It was a potion of agility.
* * * LOW HITPOINT WARNING * * *
You feel sick. The black mamba bites you!
You die...

###.#. ......
## ...... ..
....... #.
##.### #.. #
#.### #
#...########
###
#.%rSY.....#
#(.
###.###.#.##
### #.. ###
###.#
###.####.. #.#
#..#......
##.####..#####.
#....##..# ##
##.......#
#####...# #####


You could see a black mamba and a porcupine.

Vanquished Creatures
  Pikel (D:3)
  2 spiny frogs (Lair:1)
  A fire drake (D:8)
  The ghost of namelastname112 the Martial Artist, an experienced DrTm (D:5)
  2 wraiths (Ossuary)
  Eustachio (D:7)
  A hippogriff (Lair:1)
  4 orc warriors
  2 water moccasins
  A black bear (D:8)
  A slave (D:4)
  2 ogres
  A phantom (D:8)
  2 ice beasts (D:6)
  2 sky beasts
  5 necrophages (D:8)
  Sigmund (D:7)
  Duvessa (D:4)
  2 elf skeletons (D:5)
  7 giant frogs
  A wyvern zombie (D:7)
  A goliath beetle (D:6)
  12 wights
  A yak skeleton (D:8)
  9 crimson imps
  A giant frog zombie (D:8)
  A gnoll shaman (D:5)
  6 hounds
  A jelly (D:8)
  A human zombie (D:5)
  3 orc priests
  3 worker ants
  4 orc wizards
  2 human skeletons (D:5)
  2 iguanas
  A killer bee zombie (D:8)
  A mummy (D:8)
  11 adders
  10 gnolls
  2 shadow imps
  3 giant mites
  2 worms
  4 giant geckos
  4 oozes
  29 orcs
  2 ball pythons
  A bat skeleton (D:6)
  2 giant cockroaches
  15 goblins
  18 hobgoblins
  5 jackals
  2 quokkas
  2 ball python skeletons
  14 bats
  A giant cockroach zombie (D:5)
  4 giant newts
  A goblin skeleton (D:4)
  A hobgoblin skeleton (Ossuary)
  2 hobgoblin zombies
  13 kobolds
  2 kobold zombies (Ossuary)
  3 orc skeletons
  6 orc zombies
  A quokka skeleton (D:5)
  14 rats
  A rat skeleton (D:7)
  3 ballistomycetes (D:8)
268 creatures vanquished.

Vanquished Creatures (others)
  Dowan (D:4)
  2 orc wizards (D:4)
  2 orcs (D:4)
  A bat skeleton (D:4)
  A quokka (D:4)
  A giant spore (D:8)
  A rat (D:4)
  A bush (D:8)
  A fungus (Lair:1)
  4 plants (D:8)
15 creatures vanquished.

Grand Total: 283 creatures vanquished

Notes
Turn   | Place    | Note
--------------------------------------------------------------
     0 | D:1      | PolkaDot, the Draconian Transmuter, began the quest for the Orb.
     0 | D:1      | Reached XP level 1. HP: 16/16 MP: 3/3
   615 | D:1      | Reached XP level 2. HP: 21/24 MP: 2/4
  1237 | D:1      | Reached XP level 3. HP: 13/30 MP: 4/6
  2267 | D:2      | Found a basalt altar of Yredelemnul.
  2556 | D:2      | Reached XP level 4. HP: 35/40 MP: 5/7
  2778 | D:3      | Reached skill level 4 in Fighting
  2787 | D:3      | Reached XP level 5. HP: 29/47 MP: 7/9
  2959 | D:3      | Learned a level 2 spell: Sticks to Snakes
  2963 | D:3      | Learned a level 3 spell: Spider Form
  3128 | D:3      | Found an iron altar of Okawaru.
  3136 | D:3      | Became a worshipper of Warmaster Okawaru
  3537 | D:3      | Found a shadowy altar of Dithmenos.
  3705 | D:4      | Found Acuahec's Distillery.
  3772 | D:4      | Noticed an ogre
  3782 | D:4      | Killed an ogre
  3782 | D:4      | Reached skill level 5 in Fighting
  3782 | D:4      | Reached XP level 6. HP: 26/56 MP: 8/10
  4028 | D:4      | Found Quseich's Jewellery Boutique.
  4330 | D:4      | Noticed Pikel
  4330 | D:4      | Noticed a slave
  4331 | D:4      | Noticed a slave
  4331 | D:4      | Noticed a slave
  4334 | D:4      | Noticed a slave
  4443 | D:3      | Killed Pikel
  4443 | D:3      | Acquired Okawaru's first power
  4443 | D:3      | Reached skill level 5 in Unarmed Combat
  4443 | D:3      | Reached skill level 5 in Transmutations
  4443 | D:3      | Your scales start taking on a rich purple colour.
  4443 | D:3      | Reached XP level 7. HP: 42/61 MP: 8/12
  4539 | D:4      | Learned a level 4 spell: Ice Form
  4761 | D:4      | Found Wiyrr's Magic Scroll Boutique.
  4818 | D:4      | Noticed Duvessa
  4819 | D:4      | Noticed Dowan
  4832 | D:4      | Killed Duvessa
  4922 | D:4      | Killed Dowan
  4975 | D:4      | Found Pimat's General Store.
  5335 | D:4      | Found a glowing golden altar of the Shining One.
  5530 | D:4      | Killed a freed slave
  5580 | D:5      | Entered Level 5 of the Dungeon
  5601 | D:5      | Noticed namelastname112's ghost (experienced DrTm)
  5625 | D:5      | Killed namelastname112's ghost
  5625 | D:5      | Reached skill level 6 in Unarmed Combat
  5625 | D:5      | Reached XP level 8. HP: 50/69 MP: 0/14
  5838 | D:5      | Reached skill level 7 in Transmutations
  5988 | D:5      | Found a sand-covered staircase.
  6113 | Ossuary  | Entered an ossuary
  6436 | Ossuary  | Reached XP level 9. HP: 60/74 MP: 9/15
  6452 | Ossuary  | Reached skill level 8 in Transmutations
  6740 | D:5      | Found an iron altar of Okawaru.
  7070 | D:6      | Found a bloodstained altar of Trog.
  7803 | D:6      | Reached skill level 9 in Transmutations
  8202 | D:6      | Reached skill level 5 in Ice Magic
  8720 | D:6      | Found a staircase to the Ecumenical Temple.
  9284 | D:4      | Bought a +0 pair of gloves of dexterity for 115 gold pieces
  9902 | D:7      | Found a glowing silver altar of Zin.
  9992 | D:7      | Noticed Sigmund
  9999 | D:7      | Killed Sigmund
  9999 | D:7      | Reached XP level 10. HP: 58/81 MP: 10/17
 10521 | D:7      | Reached skill level 10 in Transmutations
 10638 | D:7      | Noticed Eustachio
 10656 | D:7      | Killed Eustachio
 10779 | D:8      | Found a staircase to the Lair.
 11008 | D:8      | Found Kloint's Antique Armour Shoppe.
 11035 | D:8      | Found Ilaesemu's Book Emporium.
 11074 | D:8      | Bought a pair of runed boots for 108 gold pieces
 11103 | D:8      | Received a gift from Okawaru
 11145 | D:8      | Found Neovviclo's Book Emporium.
 11510 | D:8      | Found a blossoming altar of Fedhas.
 11646 | Lair:1   | Entered Level 1 of the Lair of Beasts
 11652 | Lair:1   | HP: 1/84 [electric eel/bolt of electricity (12)]
 12049 | Lair:1   | Noticed a black mamba
 12061 | Lair:1   | Slain by a black mamba

Action                   |  1- 3 |  4- 6 |  7- 9 | 10-12 || total
-------------------------+-------+-------+-------+-------++-------
Melee: Unarmed           |   132 |   155 |   520 |   277 ||  1084
Throw: Throwing net      |       |       |     4 |       ||     4
 Cast: Beastly Appendage |    11 |    10 |    19 |    10 ||    50
       Spider Form       |       |     2 |     3 |       ||     5
       Ice Form          |       |       |    10 |     3 ||    13
Invok: Heroism           |       |       |    15 |     5 ||    20
 Abil: Breathe Dispellin |       |       |     3 |     3 ||     6
  Use: Scroll            |       |     7 |     6 |     5 ||    18
       Potion            |       |     2 |     4 |     3 ||     9
 Stab: Sleeping          |     2 |       |     7 |     1 ||    10
       Invisible         |       |     1 |     1 |       ||     2
       Held in net/web   |       |       |     2 |       ||     2
       Distracted        |       |       |     1 |       ||     1
  Eat: Chunk             |     4 |     3 |    11 |     5 ||    23
       Bread ration      |       |     1 |     2 |       ||     3
       Pizza             |       |       |     1 |       ||     1
       Meat ration       |       |       |     1 |       ||     1
       Fruit             |       |       |       |     2 ||     2
